[ AOE2 MATCH · #513799148 ]
UnrankedPersians vs Maya
Player's team · WIN
Rival team · LOSS
[ REPLAY ANALYSIS · EXTRACTED FROM THE RECORDED GAME ]
Feudal
10:07
Castle
20:09
Imperial
43:48
| APM avg | 39.1 |
| APM peak | 70 |
| eAPM avg | 27.8 |
| Villagers / military | 207 / 552 |
Focus
⚔️ 49.9% · 🌾 50.1%
Skirmisher ×227 · Knight ×171 · Scout Cavalry ×124 · Mangonel ×15 · Trebuchet (Packed) ×5 · Archer ×4
Feudal
9:41
Castle
16:56
Imperial
—
| APM avg | 104.9 |
| APM peak | 141 |
| eAPM avg | 51.8 |
| Villagers / military | 147 / 303 |
Focus
⚔️ 38.7% · 🌾 61.3%
Archer ×116 · Spearman ×105 · Mangonel ×33 · Monk ×17 · Eagle Scout ×13 · Plumed Archer ×11
Match map
Initial resources + every placement click. Lines = walls · curves = elevation contours. ◆ gold · ⬟ stone · ● berries · ✦ relic · ◌ wall gap
Your base· Open — unwalled flank
Kubiasty's base· Open — unwalled flank
Smoothed initial terrain · ◌ = detected wall gap · hover for details
Inputs per minute
— AbsolutelyShrekt - - Kubiasty
Build order — AbsolutelyShrekt
First 150 of 719 actions detected
| 0:00 | Queue | Villager (Male) |
| 0:01 | Queue | Villager (Male) |
| 0:01 | Queue | Villager (Male) |
| 0:02 | Build | House |
| 0:03 | Build | House |
| 0:22 | Queue | Villager (Male) |
| 0:22 | Queue | Villager (Male) |
| 1:23 | Queue | Villager (Male) |
| 2:06 | Build | Barracks |
| 2:18 | Queue | Villager (Male) |
| 2:18 | Queue | Villager (Male) |
| 2:40 | Build | House |
| 2:44 | Queue | Villager (Male) |
| 3:16 | Queue | Villager (Male) |
| 3:21 | Queue | Militia |
| 3:36 | Queue | Villager (Male) |
| 3:37 | Queue | Villager (Male) |
| 3:48 | Build | House |
| 3:58 | Queue | Villager (Male) |
| 3:58 | Queue | Villager (Male) |
| 4:05 | Queue | Militia |
| 4:19 | Queue | Villager (Male) |
| 4:40 | Queue | Villager (Male) |
| 5:00 | Queue | Villager (Male) |
| 5:12 | Queue | Militia |
| 5:19 | Build | Lumber Camp |
| 5:30 | Queue | Villager (Male) |
| 5:53 | Queue | Villager (Male) |
| 6:23 | Queue | Villager (Male) |
| 6:25 | Queue | Villager (Male) |
| 6:36 | Queue | Villager (Male) |
| 7:15 | Research | Loom |
| 7:17 | Build | House |
| 7:22 | Queue | Villager (Male) |
| 7:41 | Build | Mill |
| 7:57 | Research | Feudal Age |
| 8:52 | Build | Mining Camp |
| 9:06 | Queue | Villager (Male) |
| 9:10 | Build | House |
| 9:12 | Build | Palisade Wall |
| 9:38 | Build | House |
| 9:40 | Build | Palisade Wall |
| 9:52 | Build | Farm |
| 9:59 | Build | House |
| 10:01 | Build | Palisade Wall |
| 10:07 | Age | Feudal Age |
| 10:08 | Research | Double-Bit Axe |
| 10:08 | Research | Double-Bit Axe |
| 10:11 | Queue | Villager (Male) |
| 10:37 | Research | Horse Collar |
| 10:46 | Queue | Villager (Male) |
| 10:59 | Queue | Villager (Male) |
| 11:05 | Build | Archery Range |
| 11:09 | Build | Palisade Wall |
| 11:15 | Build | Farm |
| 11:17 | Queue | Villager (Male) |
| 11:30 | Build | House |
| 11:36 | Build | Farm |
| 11:44 | Build | Palisade Wall |
| 11:46 | Build | Palisade Wall |
| 11:47 | Queue | Villager (Male) |
| 11:50 | Build | Farm |
| 12:03 | Build | Farm |
| 12:10 | Queue | Skirmisher |
| 12:19 | Queue | Villager (Male) |
| 12:22 | Queue | Archer |
| 12:35 | Build | House |
| 12:36 | Queue | Villager (Male) |
| 12:38 | Build | Farm |
| 12:46 | Build | Farm |
| 13:02 | Build | House |
| 13:03 | Build | Palisade Wall |
| 13:06 | Queue | Villager (Male) |
| 13:09 | Build | Farm |
| 13:17 | Queue | Skirmisher |
| 13:17 | Queue | Villager (Male) |
| 13:27 | Queue | Villager (Male) |
| 13:29 | Queue | Archer |
| 13:44 | Build | House |
| 13:49 | Queue | Skirmisher |
| 13:50 | Queue | Villager (Male) |
| 13:53 | Build | Farm |
| 14:03 | Build | Farm |
| 14:17 | Build | Palisade Wall |
| 14:29 | Queue | Villager (Male) |
| 14:39 | Build | Farm |
| 14:47 | Queue | Villager (Male) |
| 14:59 | Queue | Villager (Male) |
| 15:07 | Build | Farm |
| 15:11 | Build | Lumber Camp |
| 15:23 | Queue | Villager (Male) |
| 15:27 | Queue | Archer |
| 15:33 | Build | House |
| 15:35 | Build | Palisade Wall |
| 15:37 | Build | Palisade Wall |
| 15:46 | Queue | Villager (Male) |
| 15:48 | Build | Farm |
| 16:05 | Build | Farm |
| 16:18 | Build | Farm |
| 16:27 | Queue | Villager (Male) |
| 16:33 | Build | Farm |
| 16:49 | Build | Farm |
| 16:57 | Queue | Villager (Male) |
| 17:01 | Build | Blacksmith |
| 17:11 | Build | Farm |
| 17:21 | Queue | Villager (Male) |
| 17:32 | Build | House |
| 17:33 | Build | House |
| 17:44 | Research | Castle Age |
| 17:44 | Research | Castle Age |
| 17:53 | Build | House |
| 17:54 | Build | House |
| 18:04 | Build | Stable |
| 18:14 | Build | House |
| 18:16 | Build | House |
| 18:19 | Build | House |
| 18:21 | Build | House |
| 18:23 | Build | House |
| 18:28 | Build | House |
| 18:29 | Build | House |
| 18:31 | Research | Scale Barding Armor |
| 18:36 | Build | House |
| 18:38 | Build | House |
| 18:53 | Research | Gold Mining |
| 19:06 | Research | Bloodlines |
| 19:08 | Build | Stable |
| 19:15 | Queue | Villager (Male) |
| 19:34 | Build | House |
| 19:35 | Build | House |
| 19:45 | Build | Lumber Camp |
| 20:00 | Queue | Villager (Male) |
| 20:03 | Research | Wheelbarrow |
| 20:09 | Age | Castle Age |
| 20:11 | Queue | Knight |
| 20:11 | Queue | Knight |
| 20:21 | Queue | Knight |
| 20:21 | Queue | Knight |
| 20:29 | Build | Farm |
| 20:43 | Build | Siege Workshop |
| 21:04 | Research | Bow Saw |
| 21:04 | Research | Bow Saw |
| 21:10 | Queue | Knight |
| 21:23 | Queue | Mangonel |
| 21:23 | Queue | Mangonel |
| 21:44 | Queue | Villager (Male) |
| 21:46 | Queue | Villager (Male) |
| 21:49 | Queue | Knight |
| 22:17 | Queue | Knight |
| 22:18 | Queue | Villager (Male) |
| 22:18 | Queue | Villager (Male) |
Build order — Kubiasty
First 150 of 629 actions detected
| 0:01 | Research | Loom |
| 0:02 | Queue | Villager (Male) |
| 0:03 | Build | House |
| 0:04 | Build | House |
| 0:20 | Queue | Villager (Male) |
| 0:30 | Queue | Villager (Male) |
| 1:22 | Queue | Villager (Male) |
| 1:40 | Queue | Villager (Male) |
| 1:57 | Queue | Villager (Male) |
| 2:12 | Build | Lumber Camp |
| 2:16 | Queue | Villager (Male) |
| 2:37 | Build | House |
| 2:37 | Build | House |
| 2:40 | Queue | Villager (Male) |
| 2:56 | Queue | Villager (Male) |
| 3:27 | Queue | Villager (Male) |
| 3:33 | Build | Palisade Wall |
| 3:52 | Queue | Villager (Male) |
| 4:01 | Queue | Villager (Male) |
| 4:59 | Build | Mill |
| 4:59 | Queue | Villager (Male) |
| 4:59 | Queue | Villager (Male) |
| 5:07 | Build | Palisade Wall |
| 5:18 | Queue | Villager (Male) |
| 5:26 | Queue | Villager (Male) |
| 5:31 | Build | Palisade Wall |
| 5:32 | Build | Palisade Wall |
| 5:58 | Build | Palisade Wall |
| 6:28 | Build | House |
| 6:32 | Build | Palisade Wall |
| 6:46 | Build | Palisade Wall |
| 6:57 | Queue | Villager (Male) |
| 6:57 | Queue | Villager (Male) |
| 6:57 | Queue | Villager (Male) |
| 7:22 | Research | Feudal Age |
| 7:22 | Research | Feudal Age |
| 7:33 | Build | Palisade Wall |
| 7:36 | Build | Palisade Wall |
| 7:46 | Queue | Villager (Male) |
| 7:50 | Build | Barracks |
| 7:54 | Build | Palisade Wall |
| 8:01 | Build | Palisade Wall |
| 8:09 | Build | Palisade Wall |
| 8:16 | Build | Palisade Wall |
| 8:21 | Build | Palisade Wall |
| 8:25 | Build | Palisade Wall |
| 8:50 | Build | Mining Camp |
| 9:21 | Queue | Villager (Male) |
| 9:41 | Age | Feudal Age |
| 9:44 | Research | Double-Bit Axe |
| 9:45 | Research | Double-Bit Axe |
| 9:46 | Queue | Villager (Male) |
| 10:04 | Build | Lumber Camp |
| 10:15 | Queue | Villager (Male) |
| 10:43 | Queue | Villager (Male) |
| 11:03 | Build | Archery Range |
| 11:09 | Build | Palisade Wall |
| 11:10 | Build | Palisade Wall |
| 11:18 | Queue | Villager (Male) |
| 11:30 | Build | House |
| 11:37 | Build | Palisade Wall |
| 11:48 | Build | Market |
| 11:55 | Queue | Villager (Male) |
| 12:00 | Queue | Villager (Male) |
| 12:13 | Build | Farm |
| 12:14 | Build | Farm |
| 12:27 | Queue | Villager (Male) |
| 12:39 | Build | Farm |
| 12:50 | Build | Palisade Wall |
| 12:57 | Build | Farm |
| 12:59 | Build | Farm |
| 13:22 | Build | House |
| 13:26 | Queue | Villager (Male) |
| 13:29 | Build | Farm |
| 13:31 | Build | Farm |
| 13:38 | Queue | Skirmisher |
| 13:41 | Queue | Villager (Male) |
| 13:44 | Build | Farm |
| 13:51 | Queue | Villager (Male) |
| 13:53 | Build | Farm |
| 14:13 | Research | Castle Age |
| 14:22 | Build | Archery Range |
| 14:32 | Research | Gold Mining |
| 14:39 | Queue | Villager (Male) |
| 14:48 | Build | House |
| 15:09 | Queue | Archer |
| 15:21 | Build | Blacksmith |
| 15:22 | Queue | Villager (Male) |
| 15:29 | Queue | Archer |
| 15:30 | Queue | Archer |
| 15:33 | Build | House |
| 15:40 | Build | Palisade Wall |
| 15:49 | Build | Palisade Wall |
| 15:54 | Queue | Archer |
| 15:56 | Build | Palisade Wall |
| 15:58 | Build | Palisade Wall |
| 16:05 | Queue | Villager (Male) |
| 16:10 | Queue | Archer |
| 16:13 | Queue | Villager (Male) |
| 16:14 | Queue | Skirmisher |
| 16:18 | Research | Fletching |
| 16:19 | Research | Fletching |
| 16:22 | Build | House |
| 16:22 | Build | House |
| 16:23 | Build | House |
| 16:26 | Queue | Archer |
| 16:28 | Queue | Skirmisher |
| 16:32 | Queue | Archer |
| 16:32 | Queue | Skirmisher |
| 16:34 | Build | Palisade Wall |
| 16:56 | Age | Castle Age |
| 16:58 | Queue | Archer |
| 16:58 | Queue | Skirmisher |
| 17:05 | Queue | Villager (Male) |
| 17:09 | Build | Farm |
| 17:23 | Build | Archery Range |
| 17:26 | Queue | Villager (Male) |
| 17:43 | Build | House |
| 17:50 | Queue | Archer |
| 17:50 | Queue | Skirmisher |
| 17:59 | Queue | Villager (Male) |
| 18:02 | Build | Farm |
| 18:03 | Queue | Villager (Male) |
| 18:18 | Research | Bodkin Arrow |
| 18:27 | Queue | Villager (Male) |
| 18:33 | Build | Mining Camp |
| 18:34 | Queue | Villager (Male) |
| 19:00 | Queue | Archer |
| 19:02 | Queue | Archer |
| 19:03 | Queue | Archer |
| 19:04 | Queue | Villager (Male) |
| 19:19 | Research | Crossbowman (upgrade) |
| 19:26 | Queue | Archer |
| 19:44 | Build | Siege Workshop |
| 19:48 | Queue | Villager (Male) |
| 19:55 | Queue | Archer |
| 19:55 | Queue | Archer |
| 19:55 | Queue | Skirmisher |
| 20:00 | Queue | Archer |
| 20:05 | Build | House |
| 20:05 | Build | House |
| 20:06 | Build | House |
| 20:06 | Build | House |
| 20:08 | Queue | Villager (Male) |
| 20:31 | Queue | Battering Ram |
| 20:43 | Research | Padded Archer Armor |
| 20:47 | Build | Farm |
| 20:52 | Build | Farm |
| 20:53 | Build | Mill |
| 20:57 | Build | Farm |
Match timeline
| 2:06 | AbsolutelyShrekt · first_building Barracks |
| 3:33 | Kubiasty · wall_segment Palisade Wall x1 |
| 5:07 | Kubiasty · wall_segment Palisade Wall x6 |
| 5:31 | Kubiasty · wall_segment Palisade Wall x1 |
| 5:32 | Kubiasty · wall_segment Palisade Wall x1 |
| 5:58 | Kubiasty · wall_segment Palisade Wall x1 |
| 6:32 | Kubiasty · wall_segment Palisade Wall x1 |
| 6:46 | Kubiasty · wall_segment Palisade Wall x1 |
| 7:33 | Kubiasty · wall_segment Palisade Wall x1 |
| 7:36 | Kubiasty · wall_segment Palisade Wall x1 |
| 7:50 | Kubiasty · first_building Barracks |
| 7:54 | Kubiasty · wall_segment Palisade Wall x1 |
| 8:01 | Kubiasty · wall_segment Palisade Wall x1 |
| 8:09 | Kubiasty · wall_segment Palisade Wall x1 |
| 8:16 | Kubiasty · wall_segment Palisade Wall x1 |
| 8:21 | Kubiasty · wall_segment Palisade Wall x1 |
| 8:25 | Kubiasty · wall_segment Palisade Wall x1 |
| 9:12 | AbsolutelyShrekt · wall_segment Palisade Wall x6 |
| 9:40 | AbsolutelyShrekt · wall_segment Palisade Wall x8 |
| 9:41 | Kubiasty · age_up feudal |
| 10:01 | AbsolutelyShrekt · wall_segment Palisade Wall x4 |
| 10:07 | AbsolutelyShrekt · age_up feudal |
| 11:03 | Kubiasty · first_building Archery Range |
| 11:05 | AbsolutelyShrekt · first_building Archery Range |
| 11:09 | Kubiasty · wall_segment Palisade Wall x2 |
| 11:09 | AbsolutelyShrekt · wall_segment Palisade Wall x1 |
| 11:10 | Kubiasty · wall_segment Palisade Wall x1 |
| 11:37 | Kubiasty · wall_segment Palisade Wall x1 |
| 11:44 | AbsolutelyShrekt · wall_segment Palisade Wall x5 |
| 11:46 | AbsolutelyShrekt · wall_segment Palisade Wall x4 |
| 12:50 | Kubiasty · wall_segment Palisade Wall x1 |
| 13:03 | AbsolutelyShrekt · wall_segment Palisade Wall x1 |
| 14:00 | Kubiasty · first_market_sell 100 stone |
| 14:01 | Kubiasty · first_market_buy 100 food |
| 14:17 | AbsolutelyShrekt · wall_segment Palisade Wall x5 |
| 15:35 | AbsolutelyShrekt · wall_segment Palisade Wall x3 |
| 15:37 | AbsolutelyShrekt · wall_segment Palisade Wall x5 |
| 15:40 | Kubiasty · wall_segment Palisade Wall x1 |
| 15:49 | Kubiasty · wall_segment Palisade Wall x1 |
| 15:56 | Kubiasty · wall_segment Palisade Wall x1 |
| 15:58 | Kubiasty · wall_segment Palisade Wall x1 |
| 16:34 | Kubiasty · wall_segment Palisade Wall x1 |
| 16:56 | Kubiasty · age_up castle |
| 18:04 | AbsolutelyShrekt · first_building Stable |
| 19:44 | Kubiasty · first_building Siege Workshop |
| 20:09 | AbsolutelyShrekt · age_up castle |
| 20:43 | AbsolutelyShrekt · first_building Siege Workshop |
| 25:05 | Kubiasty · first_building Monastery |
| 25:08 | Kubiasty · wall_segment Palisade Wall x1 |
| 28:21 | AbsolutelyShrekt · first_building Castle |
| 43:30 | Kubiasty · first_building Castle |
| 43:48 | AbsolutelyShrekt · age_up imperial |
| 45:28 | AbsolutelyShrekt · first_market_sell 100 food |
| 52:08 | AbsolutelyShrekt · first_building Monastery |
| 53:55 | Kubiasty · wall_segment Stone Wall x1 |
| 53:55 | Kubiasty · wall_segment Stone Wall x1 |
| 53:56 | Kubiasty · wall_segment Stone Wall x1 |
| 55:09 | Kubiasty · resign |
[ AI ANALYSIS · 1 CREDIT ]
What really happened in this match?
Wolo.gg analyzes every decision: build order, eco, micro, common mistakes by bracket. Personalized analysis on WhatsApp or Discord in 30 seconds.
Civ guide
Persians
Perfil
Jugador #20658156